Comets vs Bears
Created - June 5, 2022 at 21:29
Goals
|
| Comets |
1 |
2 |
0 |
3 |
| Bears |
1 |
3 |
2 |
6 |
|
Shots
|
| Comets |
8 |
17 |
7 |
32 |
| Bears |
13 |
21 |
7 |
41 |
|
1st period
1. Comets , Joshua Leivo 20 (Andrej Nestrasil 40) at 1:56
2. Bears , Derek Forbort 2 (Jake Virtanen 44, Mike Hoffman 51) at 10:07 (PP)
Penalties :
Jordan Gross (Uti) for Tripping (Minor) at 2:18, Jordan Gross (Uti) for Hooking (Minor) at 9:02, Nathan Gerbe (Uti) for Roughing (Minor) at 13:08
2nd period
3. Comets , Nicolas Petan 12 (Jordan Gross 3) at 5:29
4. Bears , Joey Laleggia 8 (Mike Hoffman 52, Jake Virtanen 45) at 9:04 (PP)
5. Bears , Jake Virtanen 39 (Taylor Aronson 31, Joey Laleggia 43) at 10:49 (PP)
6. Comets , Taylor Beck 37 (Juuso Riikola 23) at 16:20
7. Bears , Zach Stepan 20 (Mikko Vainonen 16, Nicolas Aube-Kubel 31) at 16:54
Penalties :
Anton Zlobin (Uti) for Holding (Minor) at 8:53, Taylor Beck (Uti) for Roughing (Minor) at 10:32
3rd period
8. Bears , Zach Stepan 21 (Nicolas Aube-Kubel 32, Jamie McGinn 26) at 4:14
9. Bears , Brendan Perlini 28 (Zach Stepan 36, Nicolas Aube-Kubel 33) at 12:04
Penalties :
Juuso Riikola (Uti) for Hooking (Minor) at 4:15, Andrej Nestrasil (Uti) for High sticking (Minor) at 18:05
Goalie Stats
Alexandar Georgiev (Uti), 35 saves from 41 shots - (0.854), L, 29-14-9, 60:00 minutes
Jake Allen (Her), 29 saves from 32 shots - (0.906), W, 25-25-3, 60:00 minutes
Players Stats for Comets
Player Name G A P +/- PIM S H SB GA TA FO MP PP MP PK MP
------------------------------------------------------------------------------------
Andrej Nestrasil 0 1 1 0 2 6 2 1 0 1 3/3 17:57 0:00 2:44
Anton Karlsson 0 0 0 0 0 0 0 0 0 0 0/0 1:38 0:00 1:32
Anton Zlobin 0 0 0 0 2 0 0 0 2 0 1/1 6:43 0:00 0:00
Axel Holmstrom 0 0 0 0 0 0 1 0 0 0 2/2 6:47 0:00 0:03
Dennis Everberg 0 0 0 0 0 2 3 1 1 0 2/3 24:03 0:00 5:01
Jordan Gross 0 1 1 -1 4 1 3 0 1 3 0/0 10:16 0:00 0:00
Joshua Leivo 1 0 1 0 0 4 2 0 0 0 0/0 15:05 0:00 0:00
Juho Lammikko 0 0 0 0 0 1 0 0 0 0 0/0 9:30 0:00 0:00
Juuso Riikola 0 1 1 1 2 0 4 6 1 0 0/0 28:20 0:00 4:28
Kurtis Macdermid 0 0 0 -1 0 0 0 1 0 0 0/0 15:17 0:00 0:00
Mackenzie MacEachern 0 0 0 0 0 1 0 0 1 0 0/0 9:30 0:00 0:00
Nathan Gerbe 0 0 0 0 2 5 2 3 2 0 16/35 21:38 0:00 2:28
Nicolas Petan 1 0 1 0 0 4 1 0 0 0 1/2 9:30 0:00 0:00
Oliver Kylington 0 0 0 0 0 1 0 2 0 0 0/0 21:08 0:00 4:22
Patrick Wey 0 0 0 1 0 0 3 5 0 1 0/0 29:56 0:00 5:53
Phil Di Giuseppe 0 0 0 0 0 2 0 0 0 0 0/0 15:05 0:00 0:00
Sami Niku 0 0 0 0 0 2 1 2 0 1 0/0 20:08 0:00 3:31
Taylor Beck 1 0 1 0 2 3 1 0 1 1 5/12 23:48 0:00 4:47
Tyler Graovac 0 0 0 0 0 0 0 0 0 0 0/0 1:17 0:00 0:00
William Lagesson 0 0 0 0 0 0 0 0 0 0 0/0 0:34 0:00 0:34
William Lockwood 0 0 0 0 0 0 0 0 0 0 0/1 2:19 0:00 2:13
Players Stats for Bears
Player Name G A P +/- PIM S H SB GA TA FO MP PP MP PK MP
------------------------------------------------------------------------------------
Austin Wuthrich 0 0 0 0 0 1 2 0 0 0 1/1 11:24 0:15 0:00
Brendan Perlini 1 0 1 0 0 2 0 0 2 0 0/0 11:24 0:15 0:00
Brett Bulmer 0 0 0 0 0 0 4 0 0 1 0/0 9:01 0:00 0:00
Colby Cave 0 0 0 0 0 1 0 0 0 0 1/4 11:24 0:15 0:00
Derek Forbort 1 0 1 2 0 4 0 2 0 1 0/0 20:55 2:56 0:00
Dylan Gambrell 0 0 0 -1 0 2 0 0 0 0 19/36 20:55 5:58 0:00
Gianluca Curcuruto 0 0 0 -1 0 0 0 1 1 0 0/0 12:23 0:00 0:00
Jake Virtanen 1 2 3 -1 0 8 1 0 0 0 1/1 20:55 5:58 0:00
Jamie McGinn 0 1 1 1 0 2 3 0 0 0 0/0 18:40 3:11 0:00
Joey Laleggia 1 1 2 -1 0 3 2 0 0 0 0/0 26:42 6:28 0:00
Kerby Rychel 0 0 0 0 0 0 2 0 0 1 1/1 9:01 0:00 0:00
Mike Hoffman 0 2 2 -1 0 3 1 0 1 2 0/2 20:55 5:58 0:00
Mikko Vainonen 0 1 1 2 0 0 0 1 0 1 0/0 16:55 0:00 0:00
Nicolas Aube-Kubel 0 3 3 1 0 6 4 1 1 1 1/1 18:40 3:11 0:00
Taylor Aronson 0 1 1 -1 0 4 3 2 0 1 0/0 26:46 6:28 0:00
Tommy Vannelli 0 0 0 -1 0 1 1 1 0 1 0/0 16:19 2:56 0:00
Vincent Dunn 0 0 0 0 0 0 0 0 0 0 0/1 9:01 0:00 0:00
Zach Stepan 2 1 3 1 0 4 4 0 2 0 5/12 18:40 3:11 0:00
3 Stars
1 - Zach Stepan (Her)
2 - Nicolas Aube-Kubel (Her)
3 - Jake Virtanen (Her)
Power Play
Comets - 0 on 0 Attempt(s) - 0.00%
Bears - 3 on 7 Attempt(s) - 42.86%
Penalty Kill
Comets - 4 on 7 Attempt(s) - 57.14%
- Score 0 goal in Penalty Kill
Bears - 0 on 0 Attempt(s) - 0.00%
- Score 0 goal in Penalty Kill
Team Stat
Comets - Hits : 23 - Faceoff Wins : 30 - Blocked Shots : 21 - Penalty Minutes : 14
Bears - Hits : 27 - Faceoff Wins : 29 - Blocked Shots : 8 - Penalty Minutes : 0
Official
Referees : Corey Syvret and Chris Schlenker
Linesman : Mark Shewchyk and Bevan Mills
Game Notes
10:49 of 2nd period - Bears goal is going for a video replay. After video review, Goal.
Finance
Level 1 -- Attendance: 1776 (88.80%) -- Ticket Income $62,160
Level 2 -- Attendance: 862 (86.20%) -- Ticket Income $12,930
Total Attendance: 2638 (87.93%)
Total Ticket Income: $75,090
Other Income: $3,754
Total Income: $78,844
Comets
5 vs 5 Forward
Center Left Wing Right Wing Time % Phy DF OF
1 Nathan Gerbe Taylor Beck Dennis Everberg 55 1 2 2
2 Andrej Nestrasil Phil Di Giuseppe Joshua Leivo 30 1 2 2
3 Nicolas Petan Mackenzie MacEachern Juho Lammikko 10 1 2 2
4 Axel Holmstrom Kurtis Macdermid Anton Zlobin 5 1 2 2
5 vs 5 Defense
Defense Defense Time % Phy DF OF
1 Patrick Wey Juuso Riikola 55 1 2 2
2 Oliver Kylington Sami Niku 30 1 2 2
3 Jordan Gross Kurtis Macdermid 10 1 2 2
4 Patrick Wey Juuso Riikola 5 1 2 2
PowerPlay Forward
Center Left Wing Right Wing Time % Phy DF OF
1 Nathan Gerbe Taylor Beck Dennis Everberg 60 1 2 2
2 Andrej Nestrasil Phil Di Giuseppe Joshua Leivo 40 1 2 2
PowerPlay Defense
Defense Defense Time % Phy DF OF
1 Patrick Wey Oliver Kylington 60 1 2 2
2 Juuso Riikola Sami Niku 40 1 2 2
Penalty Kill 4 Players Forward
Center Wing Time % Phy DF OF
1 Taylor Beck Dennis Everberg 60 1 2 2
2 Nathan Gerbe Andrej Nestrasil 40 1 2 2
Penalty Kill 4 Players Defense
Defense Defense Time % Phy DF OF
1 Patrick Wey Juuso Riikola 60 1 2 2
2 Oliver Kylington Sami Niku 40 1 2 2
Penalty Kill - 3 Players Forward
Forward Time % Phy DF OF
1 Taylor Beck 60 1 2 2
2 Dennis Everberg 40 1 2 2
Penalty Kill - 3 Players Defense
Defense Defense Time % Phy DF OF
1 Patrick Wey Juuso Riikola 60 1 2 2
2 Oliver Kylington Sami Niku 40 1 2 2
4 vs 4 Forward
Center Wing Time % Phy DF OF
1 Taylor Beck Dennis Everberg 60 1 2 2
2 Nathan Gerbe Andrej Nestrasil 40 1 2 2
4 vs 4 Defense
Defense Defense Time % Phy DF OF
1 Patrick Wey Juuso Riikola 60 1 2 2
2 Oliver Kylington Sami Niku 40 1 2 2
Last Minutes Offensive
Center Left Wing Right Wing Defense Defense
Nathan Gerbe Taylor Beck Dennis Everberg Patrick Wey Juuso Riikola
Last Minutes Defensive
Center Left Wing Right Wing Defense Defense
Nathan Gerbe Taylor Beck Dennis Everberg Patrick Wey Juuso Riikola
Goaltenders
Starting : Alexandar Georgiev
Backup : Thatcher Demko
Extra Forwards
Normal : Tyler Graovac, Anton Karlsson, William Lockwood - PP : Tyler Graovac, Anton Karlsson - PK : William Lockwood
Extra Defensemen
Normal : Jordan Gross, Oliver Kylington, Sami Niku - PP : Jordan Gross - PK : Oliver Kylington, Sami Niku
Penalty Shots
Taylor Beck, Dennis Everberg, Nathan Gerbe, Andrej Nestrasil, Joshua Leivo
Scratches
Jeremy Roy (Healthy), Taylor Leier (Healthy), Thomas DiPauli (Healthy), Dan Renouf (Broken Bone (Right Arm) Injury), Rasmus Asplund (Healthy)
Oskar Steen (Healthy), Dmitry Sokolov (Healthy), Marek Langhamer (Healthy)
Bears
5 vs 5 Forward
Center Left Wing Right Wing Time % Phy DF OF
1 Dylan Gambrell Mike Hoffman Jake Virtanen 35 0 1 4
2 Zach Stepan Jamie McGinn Nicolas Aube-Kubel 30 0 2 3
3 Colby Cave Brendan Perlini Austin Wuthrich 20 0 2 3
4 Vincent Dunn Kerby Rychel Brett Bulmer 15 0 2 3
5 vs 5 Defense
Defense Defense Time % Phy DF OF
1 Joey Laleggia Taylor Aronson 40 0 2 3
2 Derek Forbort Mikko Vainonen 30 0 2 3
3 Tommy Vannelli Gianluca Curcuruto 20 0 3 2
4 Joey Laleggia Taylor Aronson 10 0 2 3
PowerPlay Forward
Center Left Wing Right Wing Time % Phy DF OF
1 Dylan Gambrell Mike Hoffman Jake Virtanen 60 0 1 4
2 Zach Stepan Jamie McGinn Nicolas Aube-Kubel 40 0 1 4
PowerPlay Defense
Defense Defense Time % Phy DF OF
1 Joey Laleggia Taylor Aronson 60 0 2 3
2 Derek Forbort Tommy Vannelli 40 0 2 3
Penalty Kill 4 Players Forward
Center Wing Time % Phy DF OF
1 Zach Stepan Nicolas Aube-Kubel 60 0 4 1
2 Vincent Dunn Jamie McGinn 40 0 4 1
Penalty Kill 4 Players Defense
Defense Defense Time % Phy DF OF
1 Joey Laleggia Mikko Vainonen 60 0 4 1
2 Derek Forbort Tommy Vannelli 40 0 4 1
Penalty Kill - 3 Players Forward
Forward Time % Phy DF OF
1 Zach Stepan 60 0 5 0
2 Vincent Dunn 40 0 5 0
Penalty Kill - 3 Players Defense
Defense Defense Time % Phy DF OF
1 Joey Laleggia Mikko Vainonen 60 0 5 0
2 Derek Forbort Tommy Vannelli 40 0 5 0
4 vs 4 Forward
Center Wing Time % Phy DF OF
1 Dylan Gambrell Jake Virtanen 55 0 2 3
2 Zach Stepan Mike Hoffman 45 0 2 3
4 vs 4 Defense
Defense Defense Time % Phy DF OF
1 Joey Laleggia Taylor Aronson 60 0 2 3
2 Gianluca Curcuruto Tommy Vannelli 40 0 2 3
Last Minutes Offensive
Center Left Wing Right Wing Defense Defense
Dylan Gambrell Kerby Rychel Jake Virtanen Joey Laleggia Taylor Aronson
Last Minutes Defensive
Center Left Wing Right Wing Defense Defense
Zach Stepan Kerby Rychel Nicolas Aube-Kubel Joey Laleggia Taylor Aronson
Goaltenders
Starting : Jake Allen
Backup : Magnus Hellberg
Extra Forwards
Normal : Mike Hoffman, Jake Virtanen, Nicolas Aube-Kubel - PP : Mike Hoffman, Jake Virtanen - PK : Jamie McGinn
Extra Defensemen
Normal : Joey Laleggia, Taylor Aronson, Gianluca Curcuruto - PP : Joey Laleggia - PK : Joey Laleggia, Taylor Aronson
Penalty Shots
Brendan Perlini, Mike Hoffman, Jake Virtanen, Nicolas Aube-Kubel, Dylan Gambrell
Scratches
Angelo Esposito (Left Hand Injury), Caleb Jones (Healthy), Emil Johansson (Healthy), Jakob Lilja (Healthy), Jesper Pettersson (Healthy)
Mackenze Stewart (Healthy), Michael Prapavessis (Healthy), Nikolay Prokhorkin (Healthy), Ryan Graves (Healthy), Warren Foegele (Healthy)
Logan O'Connor (Healthy), Nicholas Caamano (Healthy), Jakob Stenqvist (Healthy), Arvid Henrikson (Healthy)
% Time on Ice - Comets
Lines # - Real PCT - Wanted PCT - Time Play
Normal Forward
1 - 38% - 55% - 19:08
2 - 30% - 30% - 15:14
3 - 19% - 10% - 9:30
4 - 13% - 5% - 6:44
Normal Defense
1 - 48% - 55% - 24:25
2 - 32% - 30% - 16:15
3 - 20% - 10% - 9:56
4 - 0% - 5% - 0:00
PP Forward
1 - 0% - 60%
2 - 0% - 40%
PP Defense
1 - 0% - 60%
2 - 0% - 40%
PK Forward
1 - 68% - 60% - 6:21
2 - 32% - 40% - 3:03
PK Defense
1 - 69% - 60% - 6:27
2 - 31% - 40% - 2:57
PK3 Forward
1 - 0% - 60%
2 - 0% - 40%
PK3 Defense
1 - 0% - 60%
2 - 0% - 40%
44 Forward
1 - 0% - 60%
2 - 0% - 40%
44 Defense
1 - 0% - 60%
2 - 0% - 40%
Last Minute Offensive - 0:00
Last Minute Defensive - 0:00
Total
Forward - 60:00
Defense - 60:00
|
% Time on Ice - Bears
Lines # - Real PCT - Wanted PCT - Time Play
Normal Forward
1 - 30% - 35% - 15:02
2 - 31% - 30% - 15:29
3 - 22% - 20% - 11:04
4 - 18% - 15% - 9:01
Normal Defense
1 - 37% - 40% - 18:40
2 - 35% - 30% - 17:55
3 - 24% - 20% - 12:23
4 - 3% - 10% - 1:38
PP Forward
1 - 66% - 60% - 6:13
2 - 34% - 40% - 3:11
PP Defense
1 - 69% - 60% - 6:28
2 - 31% - 40% - 2:56
PK Forward
1 - 0% - 60%
2 - 0% - 40%
PK Defense
1 - 0% - 60%
2 - 0% - 40%
PK3 Forward
1 - 0% - 60%
2 - 0% - 40%
PK3 Defense
1 - 0% - 60%
2 - 0% - 40%
44 Forward
1 - 0% - 55%
2 - 0% - 45%
44 Defense
1 - 0% - 60%
2 - 0% - 40%
Last Minute Offensive - 0:00
Last Minute Defensive - 0:00
Total
Forward - 60:00
Defense - 60:00
|
Play-by-Play
1st period
0:01 of 1st period - Nathan Gerbe wins face-off versus Dylan Gambrell in neutral zone.
0:03 of 1st period - Off-side.
0:04 of 1st period - Dylan Gambrell wins face-off versus Nathan Gerbe in neutral zone.
0:37 of 1st period - Wrist shot by Jamie McGinn.
0:37 of 1st period - Shot Misses the Net.
0:39 of 1st period - Slapshot by Taylor Aronson.
0:39 of 1st period - Stopped by Alexandar Georgiev with a rebound.
0:41 of 1st period - Slapshot by Nicolas Aube-Kubel.
0:41 of 1st period - Stopped by Alexandar Georgiev with a rebound.
1:37 of 1st period - Slapshot by Mike Hoffman.
1:37 of 1st period - Shot Misses the Net.
1:39 of 1st period - Snap shot by Jake Virtanen.
1:39 of 1st period - Stopped by Alexandar Georgiev with a rebound.
1:56 of 1st period - Snap shot by Joshua Leivo.
1:56 of 1st period - Goal by Joshua Leivo - Comets : 1 - Bears : 0.
1:57 of 1st period - Colby Cave wins face-off versus Nathan Gerbe in neutral zone.
2:18 of 1st period - Minor Penalty to Jordan Gross for Tripping.
2:19 of 1st period - Taylor Beck wins face-off versus Dylan Gambrell in Comets zone.
2:30 of 1st period - Snap shot by Jake Virtanen.
2:30 of 1st period - Stopped by Alexandar Georgiev without a rebound.
2:31 of 1st period - Dylan Gambrell wins face-off versus Taylor Beck in Comets zone.
3:36 of 1st period - Patrick Wey is hit by Jamie McGinn.
4:18 of 1st period - Penalty to Jordan Gross is over, Jordan Gross is back on ice.
4:53 of 1st period - Patrick Wey is hit by Austin Wuthrich and loses puck.
6:06 of 1st period - Andrej Nestrasil is hit by Kerby Rychel.
6:10 of 1st period - Andrej Nestrasil is hit by Brett Bulmer and loses puck.
6:28 of 1st period - Nicolas Aube-Kubel is hit by Dennis Everberg and loses puck.
6:39 of 1st period - Oliver Kylington is hit by Joey Laleggia.
7:36 of 1st period - Dylan Gambrell is hit by Jordan Gross and loses puck.
7:57 of 1st period - Oliver Kylington is hit by Zach Stepan and loses puck.
8:06 of 1st period - Snap shot by Andrej Nestrasil.
8:06 of 1st period - Shot Misses the Net.
8:08 of 1st period - Slapshot by Oliver Kylington.
8:08 of 1st period - Stopped by Jake Allen with a rebound.
8:10 of 1st period - Snap shot by Andrej Nestrasil.
8:10 of 1st period - Stopped by Jake Allen with a rebound.
8:33 of 1st period - Nicolas Petan is hit by Zach Stepan.
9:02 of 1st period - Minor Penalty to Jordan Gross for Hooking.
9:03 of 1st period - Taylor Beck wins face-off versus Dylan Gambrell in Comets zone.
9:14 of 1st period - Taylor Aronson is hit by Juuso Riikola.
9:32 of 1st period - Nathan Gerbe is hit by Tommy Vannelli and loses puck.
9:49 of 1st period - Slapshot by Jake Virtanen.
9:49 of 1st period - Shot Blocked by Sami Niku.
9:51 of 1st period - Snap shot by Mike Hoffman.
9:51 of 1st period - Shot Misses the Net.
9:53 of 1st period - Snap shot by Joey Laleggia.
9:53 of 1st period - Shot Misses the Net.
9:55 of 1st period - Slapshot by Derek Forbort.
9:55 of 1st period - Shot Blocked by Oliver Kylington.
9:57 of 1st period - Slapshot by Taylor Aronson.
9:57 of 1st period - Shot Misses the Net.
9:59 of 1st period - Slapshot by Derek Forbort.
9:59 of 1st period - Shot Misses the Net.
10:01 of 1st period - Slapshot by Dylan Gambrell.
10:01 of 1st period - Stopped by Alexandar Georgiev with a rebound.
10:03 of 1st period - Snap shot by Mike Hoffman.
10:03 of 1st period - Shot Blocked by Sami Niku.
10:05 of 1st period - Snap shot by Jake Virtanen.
10:05 of 1st period - Shot Misses the Net.
10:07 of 1st period - Slapshot by Derek Forbort.
10:07 of 1st period - Goal by Derek Forbort - Comets : 1 - Bears : 1.
10:08 of 1st period - Nathan Gerbe wins face-off versus Zach Stepan in neutral zone.
10:23 of 1st period - Snap shot by Zach Stepan.
10:23 of 1st period - Shot Misses the Net.
10:35 of 1st period - Taylor Aronson is hit by Joshua Leivo and loses puck.
10:40 of 1st period - Wrist shot by Andrej Nestrasil.
10:40 of 1st period - Stopped by Jake Allen with a rebound.
11:19 of 1st period - Icing by Axel Holmstrom.
11:20 of 1st period - Axel Holmstrom wins face-off versus Dylan Gambrell in Comets zone.
11:20 of 1st period - Axel Holmstrom is hit by Jake Virtanen.
11:27 of 1st period - Off-side.
11:28 of 1st period - Dylan Gambrell wins face-off versus Nathan Gerbe in neutral zone.
11:52 of 1st period - Off-side.
11:53 of 1st period - Andrej Nestrasil wins face-off versus Zach Stepan in neutral zone.
11:58 of 1st period - Snap shot by Andrej Nestrasil.
11:58 of 1st period - Shot Misses the Net.
12:25 of 1st period - Snap shot by Andrej Nestrasil.
12:25 of 1st period - Shot Misses the Net.
12:27 of 1st period - Snap shot by Andrej Nestrasil.
12:27 of 1st period - Shot Misses the Net.
12:29 of 1st period - Slapshot by Andrej Nestrasil.
12:29 of 1st period - Stopped by Jake Allen with a rebound.
12:31 of 1st period - Slapshot by Sami Niku.
12:31 of 1st period - Shot Misses the Net.
12:33 of 1st period - Snap shot by Andrej Nestrasil.
12:33 of 1st period - Stopped by Jake Allen with a rebound.
12:49 of 1st period - Wrist shot by Phil Di Giuseppe.
12:49 of 1st period - Stopped by Jake Allen without a rebound.
12:50 of 1st period - Nathan Gerbe wins face-off versus Dylan Gambrell in Bears zone.
13:05 of 1st period - Slapshot by Mike Hoffman.
13:05 of 1st period - Stopped by Alexandar Georgiev without a rebound.
13:06 of 1st period - Nathan Gerbe wins face-off versus Zach Stepan in Comets zone.
13:08 of 1st period - Minor Penalty to Nathan Gerbe for Roughing.
13:09 of 1st period - Taylor Beck wins face-off versus Mike Hoffman in Comets zone.
13:49 of 1st period - Snap shot by Patrick Wey.
13:49 of 1st period - Shot Blocked by Taylor Aronson.
13:57 of 1st period - Snap shot by Joey Laleggia.
13:57 of 1st period - Stopped by Alexandar Georgiev with a rebound.
13:59 of 1st period - Snap shot by Jake Virtanen.
13:59 of 1st period - Shot Misses the Net.
14:01 of 1st period - Snap shot by Joey Laleggia.
14:01 of 1st period - Shot Blocked by Juuso Riikola.
14:03 of 1st period - Snap shot by Mike Hoffman.
14:03 of 1st period - Stopped by Alexandar Georgiev with a rebound.
14:05 of 1st period - Slapshot by Jake Virtanen.
14:05 of 1st period - Deflect By Mike Hoffman.
14:05 of 1st period - Shot Misses the Net.
14:05 of 1st period - Puck is out of play.
14:06 of 1st period - Zach Stepan wins face-off versus Taylor Beck in Comets zone.
14:11 of 1st period - Slapshot by Jamie McGinn.
14:11 of 1st period - Deflect By Nicolas Aube-Kubel.
14:11 of 1st period - Shot Misses the Net.
14:11 of 1st period - Puck is out of play.
14:12 of 1st period - Zach Stepan wins face-off versus Taylor Beck in Comets zone.
14:19 of 1st period - Slapshot by Nicolas Aube-Kubel.
14:19 of 1st period - Stopped by Alexandar Georgiev with a rebound.
14:21 of 1st period - Wrist shot by Nicolas Aube-Kubel.
14:21 of 1st period - Shot Misses the Net.
14:23 of 1st period - Slapshot by Derek Forbort.
14:23 of 1st period - Deflect By Sami Niku.
14:23 of 1st period - Stopped by Alexandar Georgiev without a rebound.
14:24 of 1st period - Zach Stepan wins face-off versus Taylor Beck in Comets zone.
14:25 of 1st period - Snap shot by Nicolas Aube-Kubel.
14:25 of 1st period - Shot Misses the Net.
14:27 of 1st period - Wrist shot by Zach Stepan.
14:27 of 1st period - Stopped by Alexandar Georgiev without a rebound.
14:28 of 1st period - Taylor Beck wins face-off versus Zach Stepan in Comets zone.
15:08 of 1st period - Penalty to Nathan Gerbe is over, Nathan Gerbe is back on ice.
15:30 of 1st period - Tommy Vannelli is hit by Patrick Wey and loses puck.
15:49 of 1st period - Snap shot by Austin Wuthrich.
15:49 of 1st period - Stopped by Alexandar Georgiev with a rebound.
15:51 of 1st period - Slapshot by Tommy Vannelli.
15:51 of 1st period - Deflect By Austin Wuthrich.
15:51 of 1st period - Shot Misses the Net.
15:51 of 1st period - Puck is out of play.
15:52 of 1st period - Dylan Gambrell wins face-off versus Nathan Gerbe in Comets zone.
16:17 of 1st period - Taylor Aronson is hit by Joshua Leivo and loses puck.
16:34 of 1st period - Slapshot by Nicolas Petan.
16:34 of 1st period - Stopped by Jake Allen without a rebound.
16:35 of 1st period - Nicolas Petan wins face-off versus Dylan Gambrell in Bears zone.
16:42 of 1st period - Slapshot by Patrick Wey.
16:42 of 1st period - Shot Misses the Net.
16:44 of 1st period - Wrist shot by Patrick Wey.
16:44 of 1st period - Shot Blocked by Tommy Vannelli.
16:46 of 1st period - Slapshot by Patrick Wey.
16:46 of 1st period - Shot Misses the Net.
17:44 of 1st period - Slapshot by Derek Forbort.
17:44 of 1st period - Shot Misses the Net.
18:24 of 1st period - Juho Lammikko is hit by Brett Bulmer and loses puck.
19:42 of 1st period - Mikko Vainonen is hit by Juuso Riikola and loses puck.
Goals for this period are 1 for Comets vs 1 for Bears.
Shots for this period are 8 for Comets vs 13 for Bears.
2nd period
0:01 of 2nd period - Dylan Gambrell wins face-off versus Nathan Gerbe in neutral zone.
0:04 of 2nd period - Wrist shot by Jake Virtanen.
0:04 of 2nd period - Shot Blocked by Dennis Everberg.
0:14 of 2nd period - Wrist shot by Dennis Everberg.
0:14 of 2nd period - Shot Misses the Net.
0:16 of 2nd period - Slapshot by Dennis Everberg.
0:16 of 2nd period - Shot Misses the Net.
0:33 of 2nd period - Wrist shot by Jamie McGinn.
0:33 of 2nd period - Shot Misses the Net.
0:35 of 2nd period - Snap shot by Zach Stepan.
0:35 of 2nd period - Stopped by Alexandar Georgiev with a rebound.
0:37 of 2nd period - Wrist shot by Nicolas Aube-Kubel.
0:37 of 2nd period - Deflect By Zach Stepan.
0:37 of 2nd period - Shot Blocked by Juuso Riikola.
0:37 of 2nd period - Puck is out of play.
0:38 of 2nd period - Nathan Gerbe wins face-off versus Dylan Gambrell in Comets zone.
1:09 of 2nd period - Slapshot by Derek Forbort.
1:09 of 2nd period - Stopped by Alexandar Georgiev with a rebound.
1:47 of 2nd period - Snap shot by Colby Cave.
1:47 of 2nd period - Shot Misses the Net.
1:49 of 2nd period - Slapshot by Derek Forbort.
1:49 of 2nd period - Shot Blocked by Juuso Riikola.
2:52 of 2nd period - Off-side.
2:53 of 2nd period - Anton Zlobin wins face-off versus Colby Cave in neutral zone.
2:56 of 2nd period - Joey Laleggia is hit by Patrick Wey and loses puck.
3:19 of 2nd period - Anton Zlobin is hit by Nicolas Aube-Kubel and loses puck.
3:24 of 2nd period - Wrist shot by Jamie McGinn.
3:24 of 2nd period - Shot Blocked by Juuso Riikola.
3:26 of 2nd period - Snap shot by Zach Stepan.
3:26 of 2nd period - Shot Blocked by Patrick Wey.
3:52 of 2nd period - Snap shot by Taylor Beck.
3:52 of 2nd period - Stopped by Jake Allen with a rebound.
4:28 of 2nd period - Joey Laleggia is hit by Nicolas Petan and loses puck.
4:37 of 2nd period - Wrist shot by Mackenzie MacEachern.
4:37 of 2nd period - Stopped by Jake Allen without a rebound.
4:38 of 2nd period - Jake Virtanen wins face-off versus Nathan Gerbe in Bears zone.
4:52 of 2nd period - Joey Laleggia is hit by Dennis Everberg and loses puck.
5:24 of 2nd period - Tommy Vannelli is hit by Jordan Gross and loses puck.
5:29 of 2nd period - Snap shot by Nicolas Petan.
5:29 of 2nd period - Goal by Nicolas Petan - Comets : 2 - Bears : 1.
5:30 of 2nd period - Nathan Gerbe wins face-off versus Dylan Gambrell in neutral zone.
5:37 of 2nd period - Wrist shot by Dennis Everberg.
5:37 of 2nd period - Shot Misses the Net.
5:56 of 2nd period - Zach Stepan is hit by Andrej Nestrasil and loses puck.
6:53 of 2nd period - Wrist shot by Joshua Leivo.
6:53 of 2nd period - Shot Blocked by Mikko Vainonen.
6:55 of 2nd period - Snap shot by Andrej Nestrasil.
6:55 of 2nd period - Shot Misses the Net.
6:57 of 2nd period - Slapshot by Sami Niku.
6:57 of 2nd period - Shot Misses the Net.
6:59 of 2nd period - Slapshot by Andrej Nestrasil.
6:59 of 2nd period - Deflect By Joshua Leivo.
6:59 of 2nd period - Stopped by Jake Allen without a rebound.
7:00 of 2nd period - Nathan Gerbe wins face-off versus Dylan Gambrell in Bears zone.
7:07 of 2nd period - Nathan Gerbe is hit by Joey Laleggia and loses puck.
7:26 of 2nd period - Nicolas Aube-Kubel is hit by Andrej Nestrasil and loses puck.
7:33 of 2nd period - Wrist shot by Phil Di Giuseppe.
7:33 of 2nd period - Shot Misses the Net.
7:35 of 2nd period - Wrist shot by Andrej Nestrasil.
7:35 of 2nd period - Stopped by Jake Allen with a rebound.
7:37 of 2nd period - Snap shot by Phil Di Giuseppe.
7:37 of 2nd period - Shot Blocked by Gianluca Curcuruto.
7:49 of 2nd period - Slapshot by Nicolas Petan.
7:49 of 2nd period - Shot Hit the Post.
8:07 of 2nd period - Tommy Vannelli is hit by Taylor Beck and loses puck.
8:22 of 2nd period - Gianluca Curcuruto is hit by Juuso Riikola and loses puck.
8:27 of 2nd period - Slapshot by Sami Niku.
8:27 of 2nd period - Stopped by Jake Allen with a rebound.
8:33 of 2nd period - Kurtis Macdermid is hit by Brett Bulmer and loses puck.
8:38 of 2nd period - Backhand shot by Kerby Rychel.
8:38 of 2nd period - Shot Blocked by Juuso Riikola.
8:40 of 2nd period - Wrist shot by Brett Bulmer.
8:40 of 2nd period - Shot Blocked by Kurtis Macdermid.
8:42 of 2nd period - Wrist shot by Kerby Rychel.
8:42 of 2nd period - Shot Blocked by Patrick Wey.
8:44 of 2nd period - Wrist shot by Kerby Rychel.
8:44 of 2nd period - Shot Blocked by Patrick Wey.
8:46 of 2nd period - Slapshot by Tommy Vannelli.
8:46 of 2nd period - Shot Blocked by Patrick Wey.
8:48 of 2nd period - Snap shot by Brett Bulmer.
8:48 of 2nd period - Shot Misses the Net.
8:53 of 2nd period - Minor Penalty to Anton Zlobin for Holding.
8:54 of 2nd period - Dylan Gambrell wins face-off versus Taylor Beck in Comets zone.
9:00 of 2nd period - Wrist shot by Jake Virtanen.
9:00 of 2nd period - Stopped by Alexandar Georgiev with a rebound.
9:02 of 2nd period - Snap shot by Mike Hoffman.
9:02 of 2nd period - Stopped by Alexandar Georgiev with a rebound.
9:04 of 2nd period - Slapshot by Joey Laleggia.
9:04 of 2nd period - Goal by Joey Laleggia - Comets : 2 - Bears : 2.
9:05 of 2nd period - Dylan Gambrell wins face-off versus Nathan Gerbe in neutral zone.
9:08 of 2nd period - Wrist shot by Taylor Aronson.
9:08 of 2nd period - Stopped by Alexandar Georgiev with a rebound.
9:16 of 2nd period - Slapshot by Jake Virtanen.
9:16 of 2nd period - Shot Blocked by Nathan Gerbe.
9:30 of 2nd period - Joey Laleggia is hit by Juuso Riikola.
10:07 of 2nd period - Wrist shot by Andrej Nestrasil.
10:07 of 2nd period - Stopped by Jake Allen with a rebound.
10:32 of 2nd period - Minor Penalty to Taylor Beck for Roughing.
10:33 of 2nd period - Dylan Gambrell wins face-off versus William Lockwood in Comets zone.
10:35 of 2nd period - Wrist shot by Jake Virtanen.
10:35 of 2nd period - Shot Misses the Net.
10:43 of 2nd period - Slapshot by Mike Hoffman.
10:43 of 2nd period - Shot Misses the Net.
10:45 of 2nd period - Slapshot by Taylor Aronson.
10:45 of 2nd period - Stopped by Alexandar Georgiev with a rebound.
10:47 of 2nd period - Slapshot by Joey Laleggia.
10:47 of 2nd period - Shot Blocked by Juuso Riikola.
10:49 of 2nd period - Slapshot by Taylor Aronson.
10:49 of 2nd period - Deflect By Jake Virtanen.
10:49 of 2nd period - Bears goal is going for a video replay.
10:49 of 2nd period - The goal is good.
10:49 of 2nd period - Goal by Jake Virtanen - Comets : 2 - Bears : 3.
10:50 of 2nd period - Dylan Gambrell wins face-off versus Dennis Everberg in neutral zone.
10:55 of 2nd period - Snap shot by Jake Virtanen.
10:55 of 2nd period - Stopped by Alexandar Georgiev with a rebound.
11:17 of 2nd period - Juuso Riikola is hit by Zach Stepan and loses puck.
11:48 of 2nd period - Snap shot by Brendan Perlini.
11:48 of 2nd period - Stopped by Alexandar Georgiev with a rebound.
11:50 of 2nd period - Slapshot by Gianluca Curcuruto.
11:50 of 2nd period - Shot Blocked by Patrick Wey.
12:00 of 2nd period - Slapshot by Dennis Everberg.
12:00 of 2nd period - Stopped by Jake Allen without a rebound.
12:01 of 2nd period - Nathan Gerbe wins face-off versus Vincent Dunn in Bears zone.
12:08 of 2nd period - Wrist shot by Taylor Beck.
12:08 of 2nd period - Shot Blocked by Taylor Aronson.
12:10 of 2nd period - Slapshot by Sami Niku.
12:10 of 2nd period - Stopped by Jake Allen with a rebound.
12:12 of 2nd period - Slapshot by Nathan Gerbe.
12:12 of 2nd period - Stopped by Jake Allen with a rebound.
12:14 of 2nd period - Slapshot by Nathan Gerbe.
12:14 of 2nd period - Deflect By Vincent Dunn.
12:14 of 2nd period - Stopped by Jake Allen without a rebound.
12:15 of 2nd period - Dennis Everberg wins face-off versus Dylan Gambrell in Bears zone.
12:18 of 2nd period - Wrist shot by Taylor Beck.
12:18 of 2nd period - Stopped by Jake Allen without a rebound.
12:19 of 2nd period - Nathan Gerbe wins face-off versus Dylan Gambrell in Bears zone.
12:30 of 2nd period - Snap shot by Dennis Everberg.
12:30 of 2nd period - Stopped by Jake Allen without a rebound.
12:31 of 2nd period - Dennis Everberg wins face-off versus Mike Hoffman in Bears zone.
12:46 of 2nd period - Wrist shot by Dylan Gambrell.
12:46 of 2nd period - Shot Misses the Net.
13:03 of 2nd period - Slapshot by Joshua Leivo.
13:03 of 2nd period - Stopped by Jake Allen with a rebound.
13:05 of 2nd period - Snap shot by Patrick Wey.
13:05 of 2nd period - Shot Blocked by Derek Forbort.
13:07 of 2nd period - Snap shot by Phil Di Giuseppe.
13:07 of 2nd period - Shot Misses the Net.
13:19 of 2nd period - Mackenzie MacEachern is hit by Austin Wuthrich and loses puck.
14:13 of 2nd period - Kurtis Macdermid is hit by Kerby Rychel and loses puck.
14:30 of 2nd period - Wrist shot by Derek Forbort.
14:30 of 2nd period - Deflect By Nicolas Aube-Kubel.
14:30 of 2nd period - Shot Blocked by Oliver Kylington.
14:30 of 2nd period - Puck is out of play.
14:31 of 2nd period - Nathan Gerbe wins face-off versus Dylan Gambrell in Comets zone.
14:31 of 2nd period - Nathan Gerbe is hit by Mike Hoffman.
14:57 of 2nd period - Andrej Nestrasil is hit by Nicolas Aube-Kubel and loses puck.
15:08 of 2nd period - Backhand shot by Nicolas Aube-Kubel.
15:08 of 2nd period - Shot Misses the Net.
15:10 of 2nd period - Snap shot by Taylor Aronson.
15:10 of 2nd period - Stopped by Alexandar Georgiev without a rebound.
15:11 of 2nd period - Austin Wuthrich wins face-off versus Nathan Gerbe in Comets zone.
15:22 of 2nd period - Wrist shot by Nathan Gerbe.
15:22 of 2nd period - Stopped by Jake Allen without a rebound.
15:23 of 2nd period - Dylan Gambrell wins face-off versus Nathan Gerbe in Bears zone.
15:50 of 2nd period - Joshua Leivo is hit by Nicolas Aube-Kubel.
15:56 of 2nd period - Slapshot by Jamie McGinn.
15:56 of 2nd period - Stopped by Alexandar Georgiev without a rebound.
15:57 of 2nd period - Nathan Gerbe wins face-off versus Zach Stepan in Comets zone.
16:02 of 2nd period - Nicolas Aube-Kubel is hit by Nathan Gerbe.
16:10 of 2nd period - Snap shot by Nicolas Aube-Kubel.
16:10 of 2nd period - Stopped by Alexandar Georgiev without a rebound.
16:11 of 2nd period - Dylan Gambrell wins face-off versus Nathan Gerbe in Comets zone.
16:20 of 2nd period - Snap shot by Taylor Beck.
16:20 of 2nd period - Goal by Taylor Beck - Comets : 3 - Bears : 3.
16:21 of 2nd period - Dylan Gambrell wins face-off versus Nathan Gerbe in neutral zone.
16:28 of 2nd period - Snap shot by Dylan Gambrell.
16:28 of 2nd period - Stopped by Alexandar Georgiev with a rebound.
16:50 of 2nd period - Slapshot by Nicolas Aube-Kubel.
16:50 of 2nd period - Stopped by Alexandar Georgiev with a rebound.
16:52 of 2nd period - Snap shot by Nicolas Aube-Kubel.
16:52 of 2nd period - Stopped by Alexandar Georgiev with a rebound.
16:54 of 2nd period - Slapshot by Mikko Vainonen.
16:54 of 2nd period - Deflect By Zach Stepan.
16:54 of 2nd period - Goal by Zach Stepan - Comets : 3 - Bears : 4.
16:55 of 2nd period - Dylan Gambrell wins face-off versus Nathan Gerbe in neutral zone.
17:02 of 2nd period - Wrist shot by Jake Virtanen.
17:02 of 2nd period - Stopped by Alexandar Georgiev without a rebound.
17:03 of 2nd period - Dylan Gambrell wins face-off versus Nathan Gerbe in Comets zone.
17:04 of 2nd period - Snap shot by Jake Virtanen.
17:04 of 2nd period - Stopped by Alexandar Georgiev without a rebound.
17:05 of 2nd period - Nathan Gerbe wins face-off versus Dylan Gambrell in Comets zone.
17:18 of 2nd period - Off-side.
17:19 of 2nd period - Zach Stepan wins face-off versus Nathan Gerbe in neutral zone.
17:55 of 2nd period - Slapshot by Joshua Leivo.
17:55 of 2nd period - Stopped by Jake Allen without a rebound.
17:56 of 2nd period - Taylor Beck wins face-off versus Zach Stepan in Bears zone.
18:27 of 2nd period - Wrist shot by Mike Hoffman.
18:27 of 2nd period - Shot Blocked by Andrej Nestrasil.
18:29 of 2nd period - Snap shot by Derek Forbort.
18:29 of 2nd period - Stopped by Alexandar Georgiev with a rebound.
18:54 of 2nd period - Icing by Oliver Kylington.
18:55 of 2nd period - Dylan Gambrell wins face-off versus Nicolas Petan in Comets zone.
18:56 of 2nd period - Wrist shot by Jake Virtanen.
18:56 of 2nd period - Stopped by Alexandar Georgiev without a rebound.
18:57 of 2nd period - Dylan Gambrell wins face-off versus Nathan Gerbe in Comets zone.
19:00 of 2nd period - Snap shot by Jake Virtanen.
19:00 of 2nd period - Shot Misses the Net.
19:22 of 2nd period - Andrej Nestrasil is hit by Taylor Aronson and loses puck.
19:33 of 2nd period - Snap shot by Zach Stepan.
19:33 of 2nd period - Shot Misses the Net.
Goals for this period are 2 for Comets vs 3 for Bears.
Shots for this period are 17 for Comets vs 21 for Bears.
3rd period
0:01 of 3rd period - Nathan Gerbe wins face-off versus Dylan Gambrell in neutral zone.
0:14 of 3rd period - Snap shot by Taylor Beck.
0:14 of 3rd period - Shot Misses the Net.
0:16 of 3rd period - Slapshot by Dennis Everberg.
0:16 of 3rd period - Shot Misses the Net.
0:26 of 3rd period - Patrick Wey is hit by Nicolas Aube-Kubel and loses puck.
1:15 of 3rd period - Wrist shot by Dennis Everberg.
1:15 of 3rd period - Shot Blocked by Derek Forbort.
1:51 of 3rd period - Wrist shot by Joshua Leivo.
1:51 of 3rd period - Shot Blocked by Nicolas Aube-Kubel.
2:50 of 3rd period - Wrist shot by Juho Lammikko.
2:50 of 3rd period - Stopped by Jake Allen without a rebound.
2:51 of 3rd period - Nicolas Aube-Kubel wins face-off versus Nathan Gerbe in Bears zone.
2:51 of 3rd period - Nicolas Aube-Kubel is hit by Dennis Everberg.
3:12 of 3rd period - Snap shot by Zach Stepan.
3:12 of 3rd period - Shot Blocked by Nathan Gerbe.
3:38 of 3rd period - Wrist shot by Dennis Everberg.
3:38 of 3rd period - Shot Misses the Net.
4:14 of 3rd period - Wrist shot by Zach Stepan.
4:14 of 3rd period - Goal by Zach Stepan - Comets : 3 - Bears : 5.
4:15 of 3rd period - Andrej Nestrasil wins face-off versus Dylan Gambrell in neutral zone.
4:15 of 3rd period - Minor Penalty to Juuso Riikola for Hooking.
4:16 of 3rd period - Dylan Gambrell wins face-off versus Taylor Beck in Comets zone.
4:31 of 3rd period - Oliver Kylington is hit by Taylor Aronson and loses puck.
4:50 of 3rd period - Andrej Nestrasil is hit by Jamie McGinn and loses puck.
5:45 of 3rd period - Andrej Nestrasil is hit by Zach Stepan and loses puck.
6:06 of 3rd period - Wrist shot by Nathan Gerbe.
6:06 of 3rd period - Stopped by Jake Allen with a rebound.
6:15 of 3rd period - Penalty to Juuso Riikola is over, Juuso Riikola is back on ice.
7:25 of 3rd period - Wrist shot by Nicolas Petan.
7:25 of 3rd period - Stopped by Jake Allen with a rebound.
7:27 of 3rd period - Slapshot by Jordan Gross.
7:27 of 3rd period - Deflect By Kerby Rychel.
7:27 of 3rd period - Stopped by Jake Allen without a rebound.
7:28 of 3rd period - Kerby Rychel wins face-off versus Nathan Gerbe in Bears zone.
7:33 of 3rd period - Taylor Beck is hit by Brett Bulmer and loses puck.
9:40 of 3rd period - Vincent Dunn is hit by Axel Holmstrom and loses puck.
10:34 of 3rd period - Mackenzie MacEachern is hit by Taylor Aronson and loses puck.
10:41 of 3rd period - Wrist shot by Juho Lammikko.
10:41 of 3rd period - Deflect By Nicolas Petan.
10:41 of 3rd period - Stopped by Jake Allen without a rebound.
10:42 of 3rd period - Nathan Gerbe wins face-off versus Colby Cave in Bears zone.
11:13 of 3rd period - Wrist shot by Phil Di Giuseppe.
11:13 of 3rd period - Stopped by Jake Allen without a rebound.
11:14 of 3rd period - Nathan Gerbe wins face-off versus Dylan Gambrell in Bears zone.
12:04 of 3rd period - Snap shot by Brendan Perlini.
12:04 of 3rd period - Goal by Brendan Perlini - Comets : 3 - Bears : 6.
12:05 of 3rd period - Dylan Gambrell wins face-off versus Nathan Gerbe in neutral zone.
12:12 of 3rd period - Wrist shot by Taylor Aronson.
12:12 of 3rd period - Shot Blocked by Nathan Gerbe.
12:57 of 3rd period - Snap shot by Nicolas Petan.
12:57 of 3rd period - Shot Misses the Net.
12:59 of 3rd period - Slapshot by Juuso Riikola.
12:59 of 3rd period - Deflect By Nicolas Petan.
12:59 of 3rd period - Deflect By Brendan Perlini.
12:59 of 3rd period - Shot Misses the Net.
12:59 of 3rd period - Puck is out of play.
13:00 of 3rd period - Nathan Gerbe wins face-off versus Dylan Gambrell in Bears zone.
13:48 of 3rd period - Brett Bulmer is hit by Jordan Gross.
14:08 of 3rd period - Brendan Perlini is hit by Nathan Gerbe and loses puck.
14:13 of 3rd period - Slapshot by Nathan Gerbe.
14:13 of 3rd period - Stopped by Jake Allen with a rebound.
14:54 of 3rd period - Slapshot by Tommy Vannelli.
14:54 of 3rd period - Stopped by Alexandar Georgiev with a rebound.
14:56 of 3rd period - Wrist shot by Jamie McGinn.
14:56 of 3rd period - Stopped by Alexandar Georgiev with a rebound.
15:00 of 3rd period - Wrist shot by Nicolas Aube-Kubel.
15:00 of 3rd period - Stopped by Alexandar Georgiev without a rebound.
15:01 of 3rd period - Zach Stepan wins face-off versus Nathan Gerbe in Comets zone.
15:26 of 3rd period - Derek Forbort is hit by Patrick Wey and loses puck.
16:54 of 3rd period - Slapshot by Joey Laleggia.
16:54 of 3rd period - Stopped by Alexandar Georgiev with a rebound.
16:56 of 3rd period - Slapshot by Colby Cave.
16:56 of 3rd period - Stopped by Alexandar Georgiev without a rebound.
16:57 of 3rd period - Axel Holmstrom wins face-off versus Colby Cave in Comets zone.
17:24 of 3rd period - Dylan Gambrell is hit by Sami Niku and loses puck.
17:54 of 3rd period - Icing by Gianluca Curcuruto.
17:55 of 3rd period - Andrej Nestrasil wins face-off versus Zach Stepan in Bears zone.
18:05 of 3rd period - Minor Penalty to Andrej Nestrasil for High sticking.
18:06 of 3rd period - Dylan Gambrell wins face-off versus Taylor Beck in Comets zone.
19:24 of 3rd period - Juuso Riikola is hit by Jamie McGinn and loses puck.
Goals for this period are 0 for Comets vs 2 for Bears.
Shots for this period are 7 for Comets vs 7 for Bears.
Output by the SimonT Hockey Simulator (STHS) for Francois Prevost